[Event "Titled Tuesday Blitz November 15 Early 2022"]
[White "Gubajdullin, Alexei"]
[Black "Dudzinski, Pawel"]
[WhiteFideId "4141202"]
[BlackFideId "1117890"]
[WhiteElo "2230"]
[BlackElo "2086"]
[Result "0-1"]
[Round "07"]
[TimeControl "180+1"]
[Date "2022.11.16"]
[WhiteClock "0:00:16"]
[BlackClock "0:00:06"]

1. d4 d5 2. Nf3 e6 3. Bf4 f5 4. e3 c6 5. c4 Nf6 6. Nc3 Be7 7. Ne5 O-O 8. Bd3 Bd7 9. g4 Ne4 10. gxf5 exf5 11. cxd5 cxd5 12. Qb3 Nxc3 13. bxc3 Bc6 14. Nxc6 Nxc6 15. Qxb7 Rc8 16. Qa6 g5 17. Rg1 Kh8 18. Be5+ Nxe5 19. dxe5 Rxc3 20. Ke2 Qb6 21. Qxb6 axb6 22. Rgc1 Rxc1 23. Rxc1 Bc5 24. a4 f4 25. a5 fxe3 26. fxe3 Re8 27. a6 Rxe5 28. a7 Rxe3+ 29. Kd2 Re8 30. Bb5 Ra8 31. Ra1 Bb4+ 32. Kd3 Ba5 33. Bc6 Rxa7 34. Bxd5 Kg7 35. Rg1 Kf6 36. Rf1+ Ke5 37. Bg8 Rd7+ 38. Kc4 h5 39. h3 Rd4+ 40. Kb5 Rb4+ 41. Kc6 Rf4 42. Rg1 g4 43. hxg4 hxg4 44. Bb3 Kf5 45. Kd6 Rb4 46. Be6+ Kg5 47. Ke5 b5 48. Rf1 Bc7+ 49. Kd5 g3 50. Kc5 Rb2 51. Rf5+ Kg6 52. Rf8 Be5 53. Rg8+ Kf6 54. Bd5 b4 55. Kc4 Bc3 56. Kd3 Be5 57. Kc4 Rb1 58. Kd3 b3 59. Kc4 b2 60. Be4 Rc1+ 61. Kd5 b1=Q 62. Bxb1 Rxb1 63. Rf8+ Ke7 64. Rg8 Bb8 65. Ke4 Kf7 66. Rg4 Rb4+ 67. Kf3 Rxg4 0-1


[Site "https://www.chess.com"]

[Event "Titled Tuesday Blitz November 15 Early 2022"]
[White "Guimaraes, Wagner Peixoto"]
[Black "Aponte Ramos, Argimiro"]
[WhiteFideId "2100940"]
[BlackFideId "3900568"]
[WhiteElo "2231"]
[BlackElo "2216"]
[Result "0-1"]
[Round "07"]
[TimeControl "180+1"]
[Date "2022.11.16"]
[WhiteClock "0:00:16"]
[BlackClock "0:00:20"]

1. d4 d5 2. Nf3 e6 3. c3 f5 4. Qc2 Nf6 5. Bf4 Bd6 6. Bg5 c6 7. e3 O-O 8. Nbd2 Nbd7 9. g3 Qe8 10. Bxf6 Nxf6 11. Bg2 Ne4 12. O-O Qh5 13. c4 Bd7 14. Ne5 Be8 15. f3 Nf6 16. Nd3 g5 17. Rae1 Bg6 18. Ne5 Qh6 19. Nxg6 Qxg6 20. f4 Ne4 21. Nxe4 fxe4 22. fxg5 Qxg5 23. Qd2 h5 24. Rxf8+ Rxf8 25. Rf1 Rxf1+ 26. Kxf1 h4 27. gxh4 Qxh4 28. h3 Bg3 29. Qe2 Qf6+ 30. Kg1 Qf5 31. Qg4+ Qxg4 32. hxg4 Kg7 33. Kf1 Kf6 34. g5+ Kxg5 35. Bh3 Kf6 36. Ke2 b6 37. b3 c5 38. cxd5 exd5 39. Bc8 Bh2 40. Bb7 Ke6 41. Bc8+ Kd6 42. Bb7 cxd4 43. exd4 Bg1 44. b4 Bxd4 45. b5 Ke5 46. a4 Bc5 47. Bc8 d4 48. Bg4 d3+ 49. Kd1 Kd4 0-1


[Site "https://www.chess.com"]

[Event "Titled Tuesday Blitz November 15 Early 2022"]
[White "Gutkin, Ilya"]
[Black "Ezat, Mohamed"]
[WhiteFideId "16203470"]
[BlackFideId "10600906"]
[WhiteElo "2265"]
[BlackElo "2386"]
[Result "0-1"]
[Round "07"]
[TimeControl "180+1"]
[Date "2022.11.16"]
[WhiteClock "0:00:09"]
[BlackClock "0:00:09"]

1. Nf3 Nf6 2. g3 g6 3. b3 Bg7 4. Bb2 O-O 5. Bg2 d6 6. d4 e5 7. dxe5 Nfd7 8. c4 Nc6 9. O-O a5 10. Nc3 Ndxe5 11. Qd2 a4 12. Nd5 a3 13. Bc3 Be6 14. Ng5 Bxd5 15. Bxd5 Qe7 16. Ne4 Nd8 17. f4 Ng4 18. Bxg7 Kxg7 19. Qc3+ f6 20. h3 c6 21. hxg4 cxd5 22. Nf2 dxc4 23. Qxc4 Qe3 24. Kg2 Re8 25. Rae1 Nc6 26. Qd5 Nb4 27. Qxd6 Nxa2 28. Nd1 Qe4+ 29. Kg1 Nb4 30. Nc3 Qe3+ 31. Rf2 Qxc3 32. Qd7+ Kh8 33. Rd1 a2 34. Rh2 Qxg3+ 35. Kh1 Qxh2+ 36. Kxh2 a1=Q 37. Rxa1 Rxe2+ 38. Kg3 Rxa1 39. Qd4 Rg1+ 40. Qxg1 Nd3 41. Qb6 Re8 42. Qd8 Rxd8 43. Kf3 Rc8 44. Ke3 Nc5 45. Kd4 Nxb3+ 46. Kd5 Rc5+ 47. Ke6 Rc4 48. Kxf6 Rxf4+ 49. Kg5 Rxg4+ 50. Kh6 Rh4+ 51. Kg5 Rh5+ 52. Kf6 Rf5+ 53. Ke7 h5 54. Ke8 h4 0-1


[Site "https://www.chess.com"]

[Event "Titled Tuesday Blitz November 15 Early 2022"]
[White "Hadzovic, Amir"]
[Black "Fernandez De La Vara, Arnaldo"]
[WhiteFideId "14402300"]
[BlackFideId "3518388"]
[WhiteElo "2262"]
[BlackElo "2387"]
[Result "1-0"]
[Round "07"]
[TimeControl "180+1"]
[Date "2022.11.16"]
[WhiteClock "0:00:16"]
[BlackClock "0:00:02"]

1. e4 c5 2. Nc3 a6 3. a3 Nc6 4. Bc4 e6 5. d3 Nf6 6. Ba2 d5 7. exd5 Nxd5 8. Ne4 Be7 9. Nf3 O-O 10. O-O b6 11. c3 Bb7 12. Qe2 Qc7 13. Re1 Rad8 14. Bg5 Rfe8 15. Rad1 h6 16. Bc1 Bf8 17. Qc2 e5 18. Bxd5 Rxd5 19. Bxh6 f5 20. Ng3 gxh6 21. Nxf5 Qh7 22. d4 cxd4 23. cxd4 Rdd8 24. dxe5 Rxd1 25. Rxd1 Nxe5 26. N3h4 Nf7 27. Qc4 b5 28. Qg4+ Ng5 29. f4 Bc5+ 30. Kh1 Re4 31. Rd8+ Bf8 32. h3 Qc7 33. Rd4 Rxd4 34. Nxd4 1-0


[Site "https://www.chess.com"]

[Event "Titled Tuesday Blitz November 15 Early 2022"]
[White "Hajiyev, Kanan"]
[Black "Leiva, Gianmarco"]
[WhiteFideId "13404148"]
[BlackFideId "3804399"]
[WhiteElo "2118"]
[BlackElo "2286"]
[Result "0-1"]
[Round "07"]
[TimeControl "180+1"]
[Date "2022.11.16"]
[WhiteClock "0:00:05"]
[BlackClock "0:00:09"]

1. d4 Nf6 2. Nf3 g6 3. c4 Bg7 4. g3 O-O 5. Bg2 d5 6. O-O dxc4 7. Na3 c5 8. Nxc4 Na6 9. e3 Be6 10. b3 Rc8 11. Qe2 cxd4 12. Nxd4 Bxc4 13. bxc4 Nc5 14. Rb1 Nfd7 15. Rd1 Qc7 16. Bb2 a6 17. h4 Nf6 18. Ba1 Nfe4 19. Qg4 Nd6 20. Qe2 Rfd8 21. Rbc1 e6 22. h5 Qe7 23. Nb3 Qg5 24. Bxg7 Kxg7 25. hxg6 hxg6 26. Qb2+ Qf6 27. Qxf6+ Kxf6 28. Nxc5 Rxc5 29. e4 Ke7 30. e5 Nxc4 31. Rxd8 Kxd8 32. Bxb7 Rc7 33. Bxa6 Nxe5 34. Rd1+ Ke7 35. Kg2 Rc2 36. a4 Ra2 37. Bb5 g5 38. Re1 Kd6 39. Re2 Ra1 40. Rd2+ Ke7 41. f4 gxf4 42. gxf4 Ng4 43. Rd7+ Kf6 44. Rd2 Ra3 45. Re2 Kf5 46. Be8 f6 47. Bd7 Ne3+ 48. Kf2 Kxf4 49. Bxe6 Nd1+ 50. Ke1 Nc3 51. Rf2+ Ke3 52. Kf1 Ne4 53. Re2+ Kf3 54. Bd5 Ra1+ 55. Re1 Rxa4 56. Rxe4 Rxe4 57. Kg1 Kf4 58. Bxe4 Kxe4 59. Kf1 Kf3 60. Ke1 Kg2 61. Ke2 f5 62. Ke3 Kg3 63. Ke2 f4 64. Kf1 Kf3 65. Ke1 Kg2 66. Ke2 f3+ 67. Ke3 f2 0-1


[Site "https://www.chess.com"]

[Event "Titled Tuesday Blitz November 15 Early 2022"]
[White "Harsha Bharathakoti"]
[Black "Ginzburg, Yakov"]
[WhiteFideId "5078776"]
[BlackFideId "4157176"]
[WhiteElo "2523"]
[BlackElo "2305"]
[Result "0-1"]
[Round "07"]
[TimeControl "180+1"]
[Date "2022.11.15"]
[WhiteClock "0:00:13"]
[BlackClock "0:00:23"]

1. e4 c5 2. Nf3 e6 3. g3 g6 4. d4 Bg7 5. dxc5 Na6 6. Bxa6 Qa5+ 7. Bd2 Qxa6 8. Bc3 Nf6 9. Nbd2 O-O 10. Qe2 Qc6 11. O-O-O b6 12. Nd4 Qb7 13. cxb6 axb6 14. a3 d5 15. e5 Nd7 16. Nb5 Qc6 17. Nd4 Qa4 18. f4 Ba6 19. Qe3 Rfc8 20. h4 Bf8 21. Nb1 Nc5 22. h5 Ne4 23. hxg6 hxg6 24. g4 Bg7 25. Rh3 Rc7 26. f5 Bxe5 27. fxe6 fxe6 28. Nxe6 Nxc3 29. Nxc3 Rxc3 30. bxc3 Qxa3+ 31. Kd2 Qd6 32. Nd4 Bf4 0-1


[Site "https://www.chess.com"]

[Event "Titled Tuesday Blitz November 15 Early 2022"]
[White "Hirneise, Jens"]
[Black "Novikova, Galina"]
[WhiteFideId "24614734"]
[BlackFideId "4157095"]
[WhiteElo "2344"]
[BlackElo "1973"]
[Result "1/2-1/2"]
[Round "07"]
[TimeControl "180+1"]
[Date "2022.11.16"]
[WhiteClock "0:00:04"]
[BlackClock "0:00:07"]

1. c4 e6 2. e3 d5 3. a3 c6 4. Nf3 Nf6 5. Nc3 Be7 6. Qc2 O-O 7. Bd3 b6 8. b4 Bb7 9. Bb2 c5 10. cxd5 exd5 11. bxc5 bxc5 12. Na4 Nbd7 13. Be2 Ne4 14. O-O Bf6 15. Rab1 Bxb2 16. Qxb2 Bc6 17. Nc3 Qe7 18. d3 Nef6 19. d4 Rab8 20. Qa1 c4 21. a4 h6 22. Nd2 Rfd8 23. Bf3 Nf8 24. Nxc4 Ng6 25. g3 Rbc8 26. Nd2 h5 27. Bg2 h4 28. Ne2 hxg3 29. hxg3 Ng4 30. Nf3 Bb7 31. Qb2 Ba6 32. Rfe1 Bd3 33. Rbc1 Rb8 34. Qd2 Be4 35. Nc3 Bf5 36. Nh2 Nxh2 37. Kxh2 Qg5 38. Nxd5 Qh5+ 39. Kg1 Bh3 40. Bh1 Rxd5 41. Bxd5 Qxd5 42. e4 Qh5 43. Rb1 Re8 44. Qe3 Bg4 45. f4 Bf3 46. Kf2 Bxe4 47. Qxe4 Rxe4 48. Rxe4 Qf5 49. Rbe1 Nf8 50. Re5 Qc2+ 51. R1e2 Qc4 52. d5 Qxa4 53. d6 Qc6 54. Rd2 a6 55. Red5 Nd7 56. R5d3 Qb6+ 57. Kg2 g6 58. Re2 Qc6+ 59. Kf2 Kg7 60. Red2 a5 61. Rd4 a4 62. Ra2 Qc5 63. Rxa4 Nb6 64. Rb4 Nd5 65. d7 Nxb4 66. d8=Q Qc2+ 67. Kf3 Qc3+ 68. Rd3 Qc6+ 69. Kf2 Nxd3+ 70. Qxd3 Qb6+ 71. Qe3 Qc6 72. Qd4+ Kg8 73. Qd8+ Kg7 74. Qd4+ Kg8 75. Qd8+ Kg7 76. Qd4+ 1/2-1/2


[Site "https://www.chess.com"]

[Event "Titled Tuesday Blitz November 15 Early 2022"]
[White "Hoffmann, Asa"]
[Black "Bilan, Danila"]
[WhiteFideId "2001470"]
[BlackFideId "24161918"]
[WhiteElo "2117"]
[BlackElo "2173"]
[Result "1-0"]
[Round "07"]
[TimeControl "180+1"]
[Date "2022.11.16"]
[WhiteClock "0:01:02"]
[BlackClock "0:00:02"]

1. d4 d5 2. Bg5 Nf6 3. Nd2 c5 4. e3 Nc6 5. c3 Qb6 6. Rb1 Bf5 7. dxc5 Qxc5 8. Nb3 Qb6 9. Bd3 Ne4 10. Bf4 e5 11. Bg3 Bd6 12. Ne2 O-O 13. O-O Rad8 14. Nbc1 Rfe8 15. Qb3 Qxb3 16. axb3 Bg6 17. Rd1 f6 18. b4 a6 19. Nb3 Bf7 20. Nd2 Nxd2 21. Rxd2 Ra8 22. Bc2 Na7 23. Bb3 Bf8 24. Bxd5 Nc6 25. Rbd1 Bxd5 26. Rxd5 Re7 27. Rd7 Rae8 28. e4 Rxd7 29. Rxd7 Rd8 30. Rxd8 Nxd8 31. f3 Kf7 32. Bf2 Ke6 33. Nc1 Nf7 34. Kf1 Bd6 35. Ke2 Bc7 36. Kd3 b5 37. b3 Nd6 38. c4 Nf7 39. Ne2 Bd6 40. Be1 Nd8 41. Bc3 Kd7 42. g3 Kc6 43. f4 Ne6 44. fxe5 fxe5 45. Ng1 Ng5 46. h4 Ne6 47. Nf3 Nd4 48. Nxd4+ exd4 49. Bxd4 Bxg3 50. h5 g6 51. hxg6 hxg6 52. e5 Kd7 53. Ke4 Ke6 54. c5 Bh4 55. c6 Bd8 56. Bc5 Bc7 57. Bd4 Bb8 58. Bb6 Bxe5 59. c7 Bxc7 60. Bxc7 Kd7 61. Bf4 1-0


[Site "https://www.chess.com"]

[Event "Titled Tuesday Blitz November 15 Early 2022"]
[White "Ibarra Jerez, Jose Carlos"]
[Black "Harshavardhan G B"]
[WhiteFideId "2226332"]
[BlackFideId "25059009"]
[WhiteElo "2638"]
[BlackElo "2333"]
[Result "1-0"]
[Round "07"]
[TimeControl "180+1"]
[Date "2022.11.15"]
[WhiteClock "0:02:47"]
[BlackClock "0:01:51"]

1. e4 e5 2. Nf3 Nc6 3. Bb5 a6 4. Bxc6 dxc6 5. O-O f6 6. d4 exd4 7. Nxd4 c5 8. Nb3 Qxd1 9. Rxd1 Bg4 10. f3 Bd7 11. Bf4 O-O-O 12. Nc3 c4 13. Na5 Bc5+ 14. Kf1 b5 15. a4 Ne7 16. axb5 axb5 17. b3 Bb4 18. Ne2 cxb3 19. Nxb3 Be6 20. Ra8+ 1-0


[Site "https://www.chess.com"]

[Event "Titled Tuesday Blitz November 15 Early 2022"]
[White "Ilkhomi, Jaloliddin"]
[Black "Szpar, Milosz"]
[WhiteFideId "14700948"]
[BlackFideId "1184989"]
[WhiteElo "2045"]
[BlackElo "2422"]
[Result "1-0"]
[Round "07"]
[TimeControl "180+1"]
[Date "2022.11.16"]
[WhiteClock "0:00:15"]
[BlackClock "0:00:12"]

1. d4 Nf6 2. Nf3 c5 3. e3 g6 4. c3 Bg7 5. Bd3 O-O 6. O-O d6 7. Nbd2 Nc6 8. Re1 b6 9. Qe2 Bb7 10. a4 e5 11. dxe5 Nxe5 12. Nxe5 dxe5 13. e4 Nh5 14. Nf3 Nf4 15. Bxf4 exf4 16. Rad1 Qe7 17. Ba6 Rad8 18. Bxb7 Qxb7 19. h3 h6 20. e5 Rxd1 21. Rxd1 Re8 22. Re1 Qd5 23. c4 Qc6 24. Qc2 g5 25. b3 Rd8 26. Rd1 Rxd1+ 27. Qxd1 Qg6 28. Qd8+ Kh7 29. Qd7 h5 30. e6 g4 31. hxg4 hxg4 32. e7 g3 33. e8=Q Qb1+ 34. Qe1 1-0


[Site "https://www.chess.com"]

[Event "Titled Tuesday Blitz November 15 Early 2022"]
[White "Ince, Taylan Ruzgar"]
[Black "Ciuffoletti, Paolo"]
[WhiteFideId "44513089"]
[BlackFideId "807630"]
[WhiteElo "2147"]
[BlackElo "2143"]
[Result "0-1"]
[Round "07"]
[TimeControl "180+1"]
[Date "2022.11.16"]
[WhiteClock "0:00:50"]
[BlackClock "0:00:36"]

1. Nf3 d5 2. d4 Nf6 3. c4 c6 4. Nbd2 Bf5 5. Nh4 Be6 6. e3 Ne4 7. Nhf3 g6 8. Bd3 Bf5 9. Qc2 Nxd2 10. Bxd2 Bxd3 11. Qxd3 Bg7 12. O-O O-O 13. Rfc1 Na6 14. b4 dxc4 15. Qxc4 Nc7 16. a4 a6 17. e4 e5 18. dxe5 Bxe5 19. Rab1 Ne6 20. Be3 Bf4 21. Rd1 Qc7 22. Qc3 Rfd8 23. g3 Bxe3 24. Qxe3 Rxd1+ 25. Rxd1 Rd8 26. Rxd8+ Qxd8 27. Kg2 Qc7 28. e5 c5 29. bxc5 Qxc5 30. h4 Qxe3 31. fxe3 Nc5 32. a5 Nb3 0-1


[Site "https://www.chess.com"]

[Event "Titled Tuesday Blitz November 15 Early 2022"]
[White "Iturrizaga Bonelli, Eduardo"]
[Black "Trost, Edvin"]
[WhiteFideId "3901211"]
[BlackFideId "1729519"]
[WhiteElo "2637"]
[BlackElo "2247"]
[Result "1-0"]
[Round "07"]
[TimeControl "180+1"]
[Date "2022.11.16"]
[WhiteClock "0:00:25"]
[BlackClock "0:00:01"]

1. c4 e6 2. Nf3 d5 3. e3 Nf6 4. b3 b6 5. Bb2 Bb7 6. g3 Bd6 7. Bg2 O-O 8. O-O c5 9. Qe2 Nbd7 10. Rd1 Qe7 11. Nc3 a6 12. Rac1 Rac8 13. cxd5 exd5 14. d4 Rfe8 15. dxc5 bxc5 16. Nh4 Qe6 17. Qd2 Nb6 18. a4 Be5 19. a5 Bxc3 20. Bxc3 Nbd7 21. Qb2 Ne5 22. Nf3 Nxf3+ 23. Bxf3 Red8 24. b4 cxb4 25. Qxb4 Bc6 26. Qb6 Bb5 27. Bxf6 gxf6 28. Rxc8 Rxc8 29. Bxd5 Qxb6 30. axb6 Rb8 31. b7 Kf8 32. Rc1 Bd7 33. Rc7 Ke8 34. Bc6 Bxc6 35. Rc8+ Kd7 36. Rxb8 Kc7 37. Rf8 Bxb7 38. Rxf7+ Kb6 39. Rxf6+ Kb5 40. Rf7 Be4 41. f3 Bb1 42. e4 Bxe4 43. fxe4 1-0


[Site "https://www.chess.com"]

[Event "Titled Tuesday Blitz November 15 Early 2022"]
[White "Ivic, Velimir"]
[Black "Dixit, Nikhil"]
[WhiteFideId "950122"]
[BlackFideId "5059534"]
[WhiteElo "2625"]
[BlackElo "2207"]
[Result "1-0"]
[Round "07"]
[TimeControl "180+1"]
[Date "2022.11.15"]
[WhiteClock "0:00:55"]
[BlackClock "0:00:14"]

1. d4 Nf6 2. c4 g6 3. Nc3 Bg7 4. e4 d6 5. Be2 O-O 6. Be3 Na6 7. Nf3 c5 8. d5 e6 9. O-O exd5 10. exd5 Nc7 11. h3 Re8 12. Re1 Bd7 13. Bf4 Bc8 14. Bd3 Rxe1+ 15. Qxe1 h6 16. Qd2 g5 17. Bh2 b5 18. cxb5 Bb7 19. Bc4 Qd7 20. a4 Re8 21. Qd3 g4 22. hxg4 Nxg4 23. Bg3 Qe7 24. a5 Qf6 25. Ne4 Qxb2 26. Rb1 Qxb1+ 27. Qxb1 Nxd5 28. Nxd6 Nc3 29. Qc2 Be4 30. Nxe4 Rxe4 31. Bf1 Rb4 32. Qf5 h5 33. Ng5 Nf6 34. Qc8+ Bf8 35. Bd6 1-0


[Site "https://www.chess.com"]

[Event "Titled Tuesday Blitz November 15 Early 2022"]
[White "Izuzquiza Gonzalez, Javier"]
[Black "Kopczynski, Michal"]
[WhiteFideId "3101029"]
[BlackFideId "1124200"]
[WhiteElo "2034"]
[BlackElo "2235"]
[Result "0-1"]
[Round "07"]
[TimeControl "180+1"]
[Date "2022.11.16"]
[WhiteClock "0:00:02"]
[BlackClock "0:00:59"]

1. d4 Nf6 2. c4 g6 3. Nf3 Bg7 4. g3 d6 5. Bg2 O-O 6. O-O Nc6 7. Nc3 Nd7 8. e4 e5 9. d5 Ne7 10. Ne1 f5 11. Nd3 h6 12. f4 exf4 13. Bxf4 Nf6 14. e5 dxe5 15. Bxe5 Ng4 16. Bxg7 Kxg7 17. Qd2 Ng8 18. Rae1 Qg5 19. Nf4 Bd7 20. Qd4+ Qf6 21. Qd3 Rae8 22. c5 Ne5 23. Qd2 Nc4 24. Qf2 c6 25. h4 Ne5 26. Qd2 Nc4 27. Qf2 Ne5 28. Qd2 Ng4 29. b4 Kh7 30. dxc6 Bxc6 31. Bxc6 Qxc6 32. Qd6 Qxd6 33. cxd6 Rxe1 34. Rxe1 Rd8 35. Re6 Kg7 36. Nb5 N8f6 37. Nxa7 g5 38. hxg5 hxg5 39. Nd3 Kf7 40. Re7+ Kf8 41. Nb5 Ne4 42. Nc5 Nxd6 0-1


[Site "https://www.chess.com"]

[Event "Titled Tuesday Blitz November 15 Early 2022"]
[White "Jaskolka, Tomasz"]
[Black "Aradhya, Garg"]
[WhiteFideId "1170791"]
[BlackFideId "25006746"]
[WhiteElo "2126"]
[BlackElo "2223"]
[Result "0-1"]
[Round "07"]
[TimeControl "180+1"]
[Date "2022.11.16"]
[WhiteClock "0:01:22"]
[BlackClock "0:02:11"]

1. d4 d5 2. Bf4 c5 3. e3 Nc6 4. c3 Nf6 5. Nd2 Bf5 6. Ngf3 e6 7. Qa4 Nd7 8. Bb5 Rc8 9. Bxc6 Rxc6 10. Qxa7 Qc8 11. Qa4 Bd3 12. Ne5 Ra6 13. Qxd7+ Qxd7 14. Nxd7 Kxd7 15. Nb3 b6 16. Kd2 Bc4 17. Kc2 Be7 18. a3 Be2 19. f3 Bb5 20. Rhd1 Ba4 21. dxc5 bxc5 22. c4 Rb6 23. Rd3 Rxb3 24. Rxb3 dxc4 25. Rd1+ Kc6 26. Kc3 Bxb3 27. Rd2 Bf6+ 28. Be5 Bxe5+ 0-1


[Site "https://www.chess.com"]

[Event "Titled Tuesday Blitz November 15 Early 2022"]
[White "Jiganchine, Roman"]
[Black "Adithya A Chullikkad"]
[WhiteFideId "2603667"]
[BlackFideId "45078734"]
[WhiteElo "2311"]
[BlackElo "2106"]
[Result "1-0"]
[Round "07"]
[TimeControl "180+1"]
[Date "2022.11.16"]
[WhiteClock "0:01:23"]
[BlackClock "0:02:01"]

1. e4 d5 2. exd5 Qxd5 3. Nc3 Qa5 4. Bc4 Nf6 5. d3 Bf5 6. Bd2 e6 7. Nd5 Qc5 8. b4 Qd6 9. Bf4 e5 10. Nxf6+ gxf6 11. Bd2 Nd7 12. Ne2 Nb6 13. Bb3 Rg8 14. Ng3 Bg4 15. f3 Be6 16. Ne4 Qe7 17. O-O Nd5 18. Qe1 Nxb4 19. Bxb4 Qxb4 20. Nxf6+ Kd8 21. Qxb4 Bxb4 22. Nxg8 1-0


[Site "https://www.chess.com"]

[Event "Titled Tuesday Blitz November 15 Early 2022"]
[White "Johnson, Ben"]
[Black "Kostiukov, Alexandr"]
[WhiteFideId "2010917"]
[BlackFideId "14108100"]
[WhiteElo "2122"]
[BlackElo "2202"]
[Result "1-0"]
[Round "07"]
[TimeControl "180+1"]
[Date "2022.11.16"]
[WhiteClock "0:00:23"]
[BlackClock "0:00:01"]

1. Nf3 c5 2. c4 g6 3. d4 Bg7 4. e4 cxd4 5. Nxd4 Nf6 6. Nc3 Nc6 7. Be3 Nxd4 8. Bxd4 Qa5 9. Be2 O-O 10. O-O d6 11. Rc1 Bd7 12. Kh1 Bc6 13. f3 Nd7 14. Bxg7 Kxg7 15. a3 Nf6 16. Nd5 Bxd5 17. cxd5 Rac8 18. Qd4 Qb6 19. Qxb6 axb6 20. Kg1 Nd7 21. f4 Nc5 22. Rc4 Nb3 23. Rb4 Nd2 24. Rd1 Rc2 25. Bd3 Rfc8 26. Bxc2 Rxc2 27. Rxb6 Nc4 28. Rxb7 Ne3 29. Ra1 1-0


[Site "https://www.chess.com"]

[Event "Titled Tuesday Blitz November 15 Early 2022"]
[White "Jones, Gawain C B"]
[Black "Caruana, Fabiano"]
[WhiteFideId "409561"]
[BlackFideId "2020009"]
[WhiteElo "2657"]
[BlackElo "2847"]
[Result "0-1"]
[Round "07"]
[TimeControl "180+1"]
[Date "2022.11.15"]
[WhiteClock "0:00:01"]
[BlackClock "0:00:05"]

1. Nf3 d5 2. g3 c5 3. Bg2 Nc6 4. d4 Nf6 5. O-O e6 6. c4 dxc4 7. dxc5 Qxd1 8. Rxd1 Bxc5 9. Nbd2 c3 10. bxc3 O-O 11. Nb3 Be7 12. Nfd4 Nxd4 13. cxd4 Nd5 14. e4 Nc3 15. Rd3 Ne2+ 16. Kf1 Nxc1 17. Rxc1 b6 18. Rdc3 Ba6+ 19. Kg1 Rac8 20. Rc7 Ba3 21. R1c3 Bd6 22. Rxc8 Rxc8 23. Rxc8+ Bxc8 24. e5 Bb4 25. f4 a5 26. Kf2 Ba6 27. d5 exd5 28. Bxd5 Kf8 29. Ke3 Bf1 30. g4 Ke7 31. Kf2 Bd3 32. Ke3 Bb1 33. Nd2 Bc2 34. Ne4 Bd1 35. h3 h6 36. f5 f6 37. Kd4 fxe5+ 38. Kxe5 Ba3 39. Kd4 Bb2+ 40. Ke3 b5 41. Nf2 Bc2 42. Kd2 Bb1 43. Nd1 Bf6 44. Nc3 Kd6 45. Be6 Bxc3+ 46. Kxc3 b4+ 47. Kd4 a4 48. h4 Bc2 49. g5 hxg5 50. hxg5 a3 51. g6 b3 52. Bxb3 Bxb3 53. f6 gxf6 54. axb3 a2 55. g7 a1=Q+ 0-1


[Site "https://www.chess.com"]

[Event "Titled Tuesday Blitz November 15 Early 2022"]
[White "Jumabayev, Rinat"]
[Black "Sarana, Alexey"]
[WhiteFideId "13702661"]
[BlackFideId "24133795"]
[WhiteElo "2561"]
[BlackElo "2708"]
[Result "0-1"]
[Round "07"]
[TimeControl "180+1"]
[Date "2022.11.15"]
[WhiteClock "0:00:03"]
[BlackClock "0:00:09"]

1. e4 c5 2. Nf3 d6 3. Bb5+ Bd7 4. Bxd7+ Nxd7 5. c4 Ne5 6. O-O e6 7. Nc3 Ne7 8. d4 Nxf3+ 9. gxf3 cxd4 10. Qxd4 Nc6 11. Qe3 a6 12. Rd1 Qh4 13. Qf4 Qh5 14. Kg2 Ne5 15. b3 Be7 16. Ne2 g5 17. Qg3 Rg8 18. Ba3 g4 19. Kh1 Bh4 20. Qg2 Nxf3 21. Bxd6 Bf6 22. Rac1 Be5 23. c5 Rg6 24. Nf4 Bxf4 25. Bxf4 e5 26. Bg3 Rh6 27. Rd5 Rd8 28. Rcd1 Rxd5 29. Rxd5 Kf8 30. Rd8+ Kg7 31. Rd6 Rxd6 32. cxd6 Qh6 33. Qf1 Qxd6 34. h3 h5 35. hxg4 hxg4 36. Kg2 Qh6 37. Qh1 Qxh1+ 38. Kxh1 Kg6 39. Kg2 f5 40. exf5+ Kxf5 41. Kf1 Ke4 42. Ke2 Nd4+ 43. Kd2 Nf5 44. Bh2 Kd4 45. Ke2 b5 46. Kd2 Nh4 47. Bg3 Nf3+ 48. Kc2 Ng5 49. Bh4 Nh3 50. Kd2 Ke4 51. Ke2 Nf4+ 52. Kd2 Kf3 53. Bg3 e4 54. Bh4 Nd3 55. Kc3 Nxf2 56. Kd4 e3 0-1


[Site "https://www.chess.com"]

[Event "Titled Tuesday Blitz November 15 Early 2022"]
[White "Kaminski, Victor"]
[Black "Bethke, Richard"]
[WhiteFideId "1131630"]
[BlackFideId "12959243"]
[WhiteElo "2181"]
[BlackElo "2369"]
[Result "1/2-1/2"]
[Round "07"]
[TimeControl "180+1"]
[Date "2022.11.16"]
[WhiteClock "0:00:03"]
[BlackClock "0:00:26"]

1. d4 Nf6 2. c4 e6 3. Nf3 d5 4. Nc3 Be7 5. Bf4 O-O 6. e3 c5 7. dxc5 Bxc5 8. Qc2 Nc6 9. a3 Re8 10. Rd1 e5 11. Bg5 d4 12. Nd5 Be7 13. Nxe7+ Qxe7 14. Be2 h6 15. Bxf6 Qxf6 16. exd4 Nxd4 17. Nxd4 exd4 18. O-O Bf5 19. Bd3 Bg4 20. Rde1 Rad8 21. Qa4 Rxe1 22. Rxe1 g6 23. Qxa7 Qc6 24. Re4 Qf6 25. Rxg4 Qe5 26. Re4 Qh5 27. g4 Qh3 28. Rxd4 Re8 29. Re4 Rxe4 30. Bxe4 Qxg4+ 31. Bg2 Qd1+ 32. Bf1 Qg4+ 33. Bg2 Qd1+ 34. Bf1 Qg4+ 35. Bg2 1/2-1/2


[Site "https://www.chess.com"]

[Event "Titled Tuesday Blitz November 15 Early 2022"]
[White "Kaplan, Avi Harrison"]
[Black "Lauridsen, Jesper Morch"]
[WhiteFideId "30934559"]
[BlackFideId "1401890"]
[WhiteElo "1983"]
[BlackElo "2226"]
[Result "1-0"]
[Round "07"]
[TimeControl "180+1"]
[Date "2022.11.16"]
[WhiteClock "0:00:08"]
[BlackClock "0:00:04"]

1. a3 b6 2. e4 Bb7 3. d3 d6 4. c4 g6 5. Nc3 Bg7 6. f4 e5 7. Nf3 Nc6 8. Be2 Nge7 9. O-O O-O 10. Qe1 Na5 11. b4 Nb3 12. Rb1 Nxc1 13. Rxc1 exf4 14. Qh4 f5 15. Ng5 h6 16. Ne6 Qd7 17. Nxf8 Rxf8 18. Nd5 Bxd5 19. cxd5 g5 20. Qh5 c5 21. dxc6 Nxc6 22. exf5 Nd4 23. Bg4 Nxf5 24. Rfe1 Qb5 25. Bxf5 Qxf5 26. Rc7 Qxd3 27. h4 f3 28. gxf3 Bd4+ 29. Kh1 Bg7 30. hxg5 hxg5 31. Ree7 Qd1+ 32. Kg2 Qd2+ 33. Kh3 Qd4 34. Rxg7+ Qxg7 35. Rxg7+ Kxg7 36. Qxg5+ Kf7 37. Qf5+ Kg7 38. Qe4 Rh8+ 39. Kg3 Rh6 40. Qb7+ Kg6 41. Qxa7 Rh5 42. Qxb6 Rg5+ 43. Kf2 1-0


[Site "https://www.chess.com"]

[Event "Titled Tuesday Blitz November 15 Early 2022"]
[White "Khamdamova, Afruza"]
[Black "Aumann, Welf"]
[WhiteFideId "14210444"]
[BlackFideId "4634071"]
[WhiteElo "2018"]
[BlackElo "2271"]
[Result "0-1"]
[Round "07"]
[TimeControl "180+1"]
[Date "2022.11.16"]
[WhiteClock "0:00:01"]
[BlackClock "0:00:13"]

1. e4 e6 2. d4 d5 3. Nd2 Nc6 4. Ngf3 Nf6 5. e5 Nd7 6. Be2 f6 7. exf6 Qxf6 8. Nf1 Bd6 9. Ne3 O-O 10. O-O Nb6 11. Ng4 Qg6 12. h3 Bd7 13. Bd3 Qh5 14. Ng5 g6 15. Be2 Qh4 16. Qd3 Bf4 17. Bxf4 Rxf4 18. g3 Rxg4 19. Bxg4 Qxg5 20. Rae1 Qf6 21. c3 Re8 22. f4 Nc4 23. Rf2 Nd6 24. Rfe2 Nf5 25. Kh2 Kg7 26. b4 Nd8 27. Bxf5 Qxf5 28. Qf3 Nf7 29. g4 Qf6 30. f5 Ng5 31. Qf4 Ne4 32. Qe5 Qxe5+ 33. dxe5 exf5 34. gxf5 Bxf5 35. Rc1 Rxe5 36. Re3 Re6 37. Rd1 c6 38. a4 a6 39. c4 dxc4 40. Rd7+ Kh6 41. Rxb7 c3 42. Re2 Nd2 43. Rxe6 Bxe6 44. Rc7 Bc4 45. Rxc6 c2 0-1


[Site "https://www.chess.com"]